AoeStats
← Preda

Nomad

509737159Analyzed
3v3 RM · 5d ago on Sep 27, 2026· 59m 28s· 6 players
Game mode
Random Map
Map size
210×210
Population
200
Speed
Normal
Resources
Standard
Victory
Conquest
Starting age
Dark Age
Ending age
Imperial Age
RankedLock teamsTeams togetherTeam positionsShared explorationLock speedFull tech treeHidden civsTurbo modeCheats
Victory
Defeat
🇹🇷 Persians · Türkiye
1257
+13
🇹🇷 Italians · Türkiye
1157
+17
🇹🇷 Malay · Türkiye
1075
+20
🇨🇦 Goths · Canada
1210
-18
🇲🇽 Ethiopians · Mexico
1186
-17
🇦🇷 Koreans · Argentina
1146
-15
Finn The Human
16:16 Feudal Age
15:01 Loom
15:53 Double-Bit Axe
18:04 Man-at-Arms
19:27 Fishing Lines
23:14 Castle Age
22:15 Crossbowman
22:54 Fletching
23:49 Bow Saw
26:16 Bodkin Arrow
28:46 Thumb Ring
28:43 Padded Archer Armor
29:08 Gillnets
31:03 Leather Archer Armor
32:38 Medium Warships
43:11 Ballistics
47:06 Imperial Age
46:42 Bracer
46:52 Arbalester
49:29 Chemistry
49:39 Squires
50:35 Siege Engineers
50:44 Masonry
51:31 Ring Archer Armor
53:34 Onager
57:55 Conscription
Crucio
12:29 Feudal Age
13:36 Double-Bit Axe
13:59 Fishing Lines
16:01 Wheelbarrow
20:00 Bloodlines
21:56 Castle Age
22:33 Forging
22:23 Scale Mail Armor
22:58 Scale Barding Armor
28:34 Iron Casting
28:19 Chain Barding Armor
28:04 Husbandry
28:14 Bloodlines
33:33 Medium Warships
35:31 Bow Saw
38:14 Gold Mining
39:09 Hand Cart
39:37 Gold Shaft Mining
39:20 Stone Mining
44:55 Imperial Age
43:13 Murder Holes
49:14 Caravan
49:30 Cavalier
50:06 Horse Collar
51:28 Two-Man Saw
51:11 Plate Barding Armor
50:53 Savar
53:09 Plate Barding Armor
53:36 Blast Furnace
53:24 Heavy Plow
54:35 Light Cavalry
56:20 Hussar
58:41 Conscription
FİCİGETO
15:21 Feudal Age
17:06 Wheelbarrow
16:18 Double-Bit Axe
16:25 Gold Mining
17:28 Fishing Lines
21:59 Castle Age
20:03 Stone Mining
21:44 Padded Archer Armor
21:34 Fletching
21:55 Forging
21:45 Scale Mail Armor
21:35 Arson
26:05 Thumb Ring
26:17 Bodkin Arrow
29:29 Bow Saw
31:01 Leather Archer Armor
31:34 Horse Collar
32:32 Stone Shaft Mining
34:05 Medium Warships
39:00 Imperial Age
43:05 Ring Archer Armor
42:35 Bracer
42:49 Heavy Plow
44:52 Two-Man Saw
44:00 Elite Genoese Crossbowman
45:17 Hand Cart
47:19 Iron Casting
46:44 Scale Mail Armor
48:54 Ballistics
49:35 Chemistry
48:39 Squires
50:12 Crop Rotation
51:07 Conscription
56:43 Caravan
57:30 Silk Road
61:00 Blast Furnace
60:15 Chain Mail Armor
Loki_GT
3:02 Loom
15:24 Feudal Age
20:35 Castle Age
18:37 Man-at-Arms
19:46 Scale Mail Armor
21:02 Forging
47:10 Wheelbarrow
49:09 Double-Bit Axe
51:02 Bow Saw
54:04 Horse Collar
55:30 Hand Cart
59:48 Imperial Age
58:49 Anarchy
59:07 Squires
58:28 Pikeman
58:29 Long Swordsman
Preda
3:52 Loom
13:16 Feudal Age
13:45 Double-Bit Axe
14:54 Wheelbarrow
20:21 Castle Age
19:31 Horse Collar
19:46 Gold Mining
20:36 Fletching
20:49 Padded Archer Armor
20:39 Crossbowman
23:45 Hand Cart
23:26 Town Watch
23:57 Bow Saw
25:24 Thumb Ring
26:47 Bodkin Arrow
30:23 Ballistics
30:13 Heavy Plow
32:25 Leather Archer Armor
36:22 Imperial Age
36:44 Arbalester
38:37 Chemistry
37:49 Bracer
38:20 Ring Archer Armor
39:06 Gold Shaft Mining
38:24 Stone Mining
40:07 Two-Man Saw
42:11 Town Patrol
43:01 Masonry
43:02 Careening
47:22 Forging
47:13 Scale Mail Armor
50:28 Stone Shaft Mining
54:04 Elite Skirmisher
niquito0912
11:31 Loom
14:41 Feudal Age
15:23 Double-Bit Axe
16:13 Fletching
25:01 Castle Age
29:39 Gold Mining
29:39 Stone Mining
31:15 Gold Shaft Mining
32:53 Ballistics
37:00 Scale Mail Armor
42:14 Horse Collar
46:07 Wheelbarrow
49:36 Imperial Age
48:09 Bodkin Arrow
49:51 Hand Cart
49:18 Pikeman
50:23 Forging
50:28 Chain Mail Armor
49:47 Elite War Wagon
51:52 Chemistry
50:49 Elite Skirmisher
53:06 Bracer
53:44 Iron Casting
53:39 Plate Mail Armor
53:39 Halberdier
54:42 Heavy Plow
54:58 Bow Saw
56:07 Stone Shaft Mining
Connection lost

Rejoining the realm…

Still unreachable

The connection could not be restored.

Session expired

The server has moved on; the page needs a fresh start.